Map: Catalyst LE

Players

axu

  • Race: Protoss Protoss
  • League: Platinum
  • Spawn Location: 11:00

OkuwaTse - Winner!

  • Race: Zerg Zerg
  • Spawn Location: 5:00

VOD

Have the link to the VOD?

Description

Time

  • Played on: March 7, 2018, 9:32 a.m.
  • Length: 15:14
Show
View Real Time Build Order
Export as new Build Order

axu Protoss 

Build Orders: 1 Gate Expand, Oracle Opening 

Get SALT Encoding   

  12  0:02  Probe  
  14  0:14  Probe  
  14  0:28  Pylon  
  15  0:35  Probe  
  15  0:47  Gateway, Probe (Chrono Boost)  
  16  0:53  Assimilator  
  16  0:59  Probe (Chrono Boost)  
  17  1:07  Probe (Chrono Boost)  
  18  1:14  Probe  
  19  1:27  Probe  
  20  1:42  Nexus  
  20  1:46  Cybernetics Core  
  20  1:52  Assimilator  
  20  2:00  Probe (Chrono Boost)  
  21  2:01  Pylon  
  21  2:11  Probe (Chrono Boost)  
  22  2:18  Gateway  
  22  2:22  Warp Gate  
  22  2:24  Adept  
  22  2:28  Probe  
  25  2:40  Probe  
  25  2:42  Stargate  
  26  2:52  Probe  
  27  3:05  Robotics Facility, Probe x2 (Chrono Boost)  
  29  3:15  Probe x2 (Chrono Boost)  
  29  3:19  Adept  
  33  3:22  Adept  
  35  3:33  Oracle, Probe  
  39  3:34  Probe  
  40  3:44  Pylon  
  40  3:46  Probe x2  
  42  3:49  Pylon  
  42  3:54  Observer  
  43  4:10  Probe x2  
  43  4:15  Immortal  
  49  4:22  Probe x2  
  47  4:59  Gateway x2  
  47  5:01  Forge  
  47  5:03  Forge  
  47  5:06  Twilight Council  
  47  5:07  Probe x2  
  47  5:10  Immortal  
  53  5:19  Probe x2  
  55  5:27  Gateway  
  55  5:29  Adept x2  
  55  5:31  Gateway  
  55  5:33  Gateway  
  59  5:52  Assimilator  
  59  6:02  Adept  
  61  6:07  Pylon  
  61  6:09  Pylon  
  61  6:10  Assimilator  
  61  6:11  Pylon  
  61  6:13  Pylon  
  65  6:25  Immortal  
  65  6:27  Sentry x2  
  65  6:30  Templar Archives  
  69  6:43  Shield Battery  
  69  6:45  Shield Battery  
  69  6:46  Adept x2  
  73  6:48  Protoss Ground Weapons Level 1  
  73  6:55  Protoss Ground Armor Level 1  
  73  6:58  Nexus  
  73  7:01  Pylon  
  73  7:03  Pylon  
  73  7:12  Psionic Storm  
  73  7:33  Stalker  
  73  7:34  Stalker x2  
  79  7:47  Shield Battery  
  79  7:48  Shield Battery  
  79  7:51  Shield Battery  
  79  7:53  Shield Battery, Adept  
  81  8:03  Pylon  
  81  8:08  Pylon  
  81  8:12  Adept x3  
  87  8:14  Resonating Glaives (Chrono Boost)  
  87  8:15  Adept x4  
  95  8:22  Probe x2  
  98  8:34  Probe x2  
  98  8:35  High Templar x2  
  98  8:36  High Templar  
  105  8:46  Probe (Chrono Boost)  
  105  8:47  Observer  
  107  8:51  Probe (Chrono Boost)  
  107  8:55  Probe (Chrono Boost)  
  109  8:56  Assimilator  
  109  8:57  Protoss Ground Weapons Level 2 (Chrono Boost)  
  109  9:01  Assimilator  
  111  9:03  Probe (Chrono Boost)  
  111  9:04  Probe (Chrono Boost)  
  111  9:07  Probe (Chrono Boost)  
  111  9:09  Protoss Ground Armor Level 2 (Chrono Boost)  
  109  9:33  Robotics Facility  
  109  9:39  Robotics Bay  
  109  9:45  Probe x3  
  112  9:50  Adept x3  
  112  9:51  Adept x3  
  124  9:57  Probe x2  
  126  10:12  Observer (Chrono Boost)  
  126  10:21  Pylon  
  126  10:24  Probe  
  126  10:25  Probe x2  
  126  10:26  High Templar x3, Pylon  
  135  10:28  Zealot x2  
  135  10:29  Zealot  
  135  10:35  Pylon  
  141  10:39  Probe x2  
  143  10:47  Colossus x2 (Chrono Boost), Nexus  
  143  10:48  Pylon  
  143  10:51  Pylon  
  143  10:53  Pylon  
  155  11:00  Charge  
  155  11:27  Shield Battery  
  155  11:30  Colossus (Chrono Boost), Shield Battery  
  155  11:32  Photon Cannon  
  161  11:33  Observer (Chrono Boost), Photon Cannon  
  161  11:34  Adept x2  
  161  11:35  Adept x5, Photon Cannon  
  161  11:37  Photon Cannon  
  176  11:46  Observer  
  177  11:59  Probe x3  
  180  12:08  Pylon  
  180  12:10  Assimilator  
  180  12:13  Zealot x5  
  180  12:14  Zealot x2  
  177  13:10  Colossus (Chrono Boost)  
  177  13:11  Colossus (Chrono Boost)  
  97  13:20  Zealot x4  
  97  13:21  Zealot x3  
  87  13:29  High Templar x3  
  87  13:30  High Templar x3  
  87  13:35  Archon x3  
  82  14:00  Observer (Chrono Boost)  
  82  14:01  Observer (Chrono Boost)  
  83  14:21  Zealot  
  83  14:22  Zealot x5  
  83  14:23  Zealot  
  97  14:53  Zealot x3  
  97  14:54  Zealot x3  
Show
View Real Time Build Order
Export as new Build Order

OkuwaTse Zerg - Winner!

Build Orders: Hatch First, Lurkers 

Get SALT Encoding   

  12  0:01  Drone  
  13  0:13  Overlord  
  13  0:17  Drone  
  14  0:32  Drone x2  
  16  0:37  Drone  
  17  0:57  Hatchery  
  17  1:01  Drone  
  17  1:06  Extractor  
  17  1:08  Drone  
  17  1:19  Spawning Pool  
  16  1:27  Drone  
  16  1:28  Drone  
  18  1:37  Overlord  
  18  2:06  Queen  
  18  2:07  Zergling x4  
  22  2:10  Queen  
  22  2:12  Metabolic Boost  
  24  2:23  Zergling x4  
  24  2:24  Drone x2  
  28  2:47  Hatchery  
  28  2:50  Queen  
  29  2:57  Queen  
  31  3:02  Drone x2  
  33  3:08  Overlord  
  33  3:32  Drone x3  
  33  3:33  Drone x6  
  42  3:37  Extractor  
  41  3:51  Spore Crawler  
  41  3:54  Spore Crawler  
  41  3:55  Drone x3  
  41  3:56  Drone  
  41  4:02  Evolution Chamber  
  42  4:05  Evolution Chamber  
  42  4:07  Drone x2  
  43  4:14  Queen  
  45  4:29  Drone, Zergling x4  
  45  4:30  Drone x2  
  49  4:40  Overlord x3  
  45  4:53  Zerg Melee Weapons Level 1  
  45  4:56  Zerg Missile Weapons Level 1  
  45  5:10  Extractor  
  45  5:11  Extractor  
  45  5:12  Baneling Nest  
  42  5:15  Drone x7  
  42  5:16  Drone x2  
  51  5:31  Spine Crawler  
  51  5:33  Drone x6  
  51  5:34  Spore Crawler  
  55  5:43  Zergling x10  
  60  5:52  Drone x3  
  60  5:53  Drone x3  
  60  5:56  Baneling  
  60  5:57  Baneling x6  
  66  6:17  Drone x7  
  73  6:32  Lair  
  73  6:40  Extractor  
  73  6:41  Drone  
  73  6:42  Overlord x5  
  73  6:43  Extractor  
  72  6:54  Zerg Ground Armor Level 1  
  72  7:06  Drone x4  
  72  7:07  Drone x8  
  84  7:16  Drone  
  85  7:24  Zergling x6  
  88  7:32  Zerg Missile Weapons Level 2  
  88  7:33  Hydralisk Den  
  87  7:37  Zergling x2  
  87  7:38  Zergling x8  
  92  7:47  Overlord, Spine Crawler  
  92  7:49  Spine Crawler  
  90  8:02  Overlord  
  90  8:03  Hydralisk x7  
  104  8:05  Overlord  
  104  8:06  Hydralisk x2  
  108  8:18  Muscular Augments  
  108  8:27  Lurker Den  
  107  8:33  Hydralisk  
  107  8:34  Hydralisk x7  
  107  8:38  Overseer  
  123  8:51  Zerg Ground Armor Level 2  
  123  8:54  Hydralisk x3  
  129  8:57  Overlord x2  
  129  8:58  Overlord  
  129  9:07  Hatchery  
  128  9:12  Overlord x2, Drone  
  129  9:52  Lurker  
  129  9:53  Lurker x5  
  129  9:54  Lurker x6  
  129  9:55  Lurker x2  
  129  9:57  Zergling x22  
  129  9:58  Drone x7, Zergling x8  
  165  10:32  Overlord, Zergling x4  
  165  10:33  Overlord, Zergling x10  
  165  10:34  Zergling x6  
  175  10:38  Zerg Melee Weapons Level 2  
  175  10:42  Grooved Spines  
  175  10:50  Queen  
  175  10:51  Extractor  
  176  11:04  Hydralisk  
  176  11:05  Hydralisk x6  
  176  11:07  Overlord  
  176  11:08  Overlord x2  
  190  11:35  Hydralisk x4  
  198  11:58  Pneumatized Carapace  
  198  12:06  Infestation Pit  
  191  12:57  Overseer  
  191  12:58  Overseer x3  
  127  13:20  Hydralisk  
  127  13:21  Hydralisk x11  
  145  13:42  Hydralisk x4  
  145  13:47  Hive  
  152  14:03  Zergling x6  
  152  14:04  Hydralisk x2, Zergling x6  
  156  14:23  Hydralisk x11  
  178  14:32  Extractor  
  178  14:33  Zergling x6  
Tags
 
Add a new tag
Caveats
  • Supply blocks, unpowered buildings, or Contaminate may cause inaccurate times.
  • Supply counts are checked every 10 seconds.